cohdb
Replays
Latest Replays
All Replays
Popular Replays
Top Player Replays
Match Explorer
How It Works
Community
CoH3 Stats
Reddit
Sign in to upload your games and track your stats! →
Sign in with Steam
Match 44640360
Unlisted
Match 44640360
Overview
Messages
Build Orders
End
Construct Section Command Post
Vickers Machine Gun Team
Infantry Section
Vickers Machine Gun Team
Infantry Section
Construct Platoon Command Post
Humber Armored Car
6-pounder Anti-tank Gun Team
Construct Field Infirmary
Royal Engineer Section
Construct Company Command Post
Foot Guards Section
GAS WHO
이힛후
Arturokq
Don't speak English. I'm Chinese
SerKar
Michael Joxon
TheHarmlessWarrior
gAtoR45
0
0
Comments
sign in to comment!
No comments posted yet!